 Dungeon Crawl Stone Soup version 0.30-a0-618-gd6c86c23d0 (webtiles) character file.

Game seed: 9321009496185827523

399 wormed the Sneak (level 7, -1/41 (43) HPs)
             Began as a Kobold Brigand on Jan 10, 2023.
             Slain by a hell rat (9 damage)
             ... in a sewer.
             The game lasted 00:05:24 (3520 turns).

wormed the Sneak (Kobold Brigand)                   Turns: 3520, Time: 00:05:25

HP:   -1/41 (43)    AC:  5    Str:  9    XL:     7   Next: 10%
MP:   7/7           EV: 16    Int: 12    God:
Gold: 149           SH:  0    Dex: 18    Spells: 6/6 levels left

rFire   . . .      SeeInvis .    a - +2 dagger
rCold   . . .      Faith    .    (no shield)
rNeg    . . .      Spirit   .    b - +0 robe
rPois   .          Reflect  .    (no helmet)
rElec   .          Harm     .    c - +1 cloak
rCorr   .          Rampage  .    (no gloves)
Will    .....                    g - +0 pair of boots
Stlth   +++                      (no amulet)
HPRegen 0.26/turn                (no ring)
MPRegen 0.10/turn                (no ring)

@: lightly drained, very slow
A: small, no large weapons, nightstalker 3
a: no special abilities


You were in a sewer.
You visited 1 branch of the dungeon, and saw 4 of its levels.
You also visited: Sewer.

You collected 149 gold pieces.

Inventory:

Hand Weapons
 a - a +2 dagger (weapon)
Missiles
 d - 18 poisoned darts (quivered)
 l - 3 atropa-tipped darts
Armour
 b - a +0 robe (worn)
 c - a +1 cloak (worn)
 g - a +0 pair of boots (worn)
Wands
 e - a wand of polymorph (6)
Scrolls
 f - 2 scrolls of teleportation
 i - a scroll of amnesia
 n - 2 scrolls of fear
 o - a scroll of magic mapping {unknown}
 t - a scroll of identify
Potions
 h - a potion of might
 j - a potion of resistance
 m - 5 potions of heal wounds {unknown}
 p - 3 potions of curing {unknown}
 q - a potion of berserk rage {unknown}
 r - a potion of attraction {unknown}
 s - a potion of brilliance {unknown}


   Skills:
 + Level 4.0 Fighting
 * Level 6.2 Short Blades
 - Level 2.1 Throwing
 + Level 3.6 Dodging
 + Level 6.8 Stealth


You had 6 spell levels left.
You didn't know any spells.
Your spell library contained the following spells:

 Spells                   Type           Power      Damage    Failure   Level
 Ensorcelled Hibernation  Hex/Ice        0%         N/A       45%         2
 Passwall                 Tmut/Erth      0%         N/A       45%         2
 Swiftness                Air            0%         N/A       69%         3


Dungeon Overview and Level Annotations

Branches:
Dungeon (4/15)              Sewer (1/1)
 Temple: D:4-7

Altars:
Qazlal
Vehumet
Yredelemnul
Lugonu

Portals:
Abyss: D:3


Innate Abilities, Weirdness & Mutations

You are small and have problems with some larger weapons.
You are completely attuned to the shadows.


Message History

The hell rat barely misses you.
Your unstable footing causes you to fumble your attack.
The hell rat barely misses you.
You hit the hell rat.
The hell rat is heavily wounded.
The hell rat splashes around in the water.
You hit the hell rat but do no damage.
The hell rat is heavily wounded.
The hell rat misses you.
You hit the hell rat.
The hell rat is severely wounded.
Your unstable footing causes you to fumble your attack.
The hell rat closely misses you.
You barely miss the hell rat.
The hell rat is severely wounded.
The hell rat bites you!
You feel drained.
Your unstable footing causes you to fumble your attack.
The hell rat barely misses you.
Your unstable footing causes you to fumble your attack.
The hell rat closely misses you.
You hit the hell rat but do no damage.
The hell rat is severely wounded.
The hell rat bites you!
You hit the hell rat.
The hell rat is almost dead.
You hit the hell rat but do no damage. Your punch misses the hell rat.
The hell rat is almost dead.
The hell rat bites you!
* * * LOW HITPOINT WARNING * * *
Throw: 18 darts (poison)
Press: ? - help, Q - select action, (/) - cycle Shift-Dir - straight line, f - hell rat
Aim: a hell rat (almost dead, 64% to hit)
Okay, then.
Throw: dart (curare)
Press: ? - help, Q - select action, (/) - cycle Shift-Dir - straight line, f - hell rat
Aim: a hell rat (almost dead, 64% to hit)
You throw a curare-tipped dart.
The curare-tipped dart barely misses the hell rat.
The hell rat bites you!
You die...

#########
#..~∩~~.###
~~.~∩~.~.~###
.~#####~~..~#
###!∩!###~..##
#~?!???~##.~~#
~~.~r~~..#~..#
#.~~@~~.##..~#
###~~~###~~~##
~##'##.~~.~#
~~~~~.~†.~###
#.~.~~~.###
#########


You could see a hell rat.

Vanquished Creatures
  A black bear (D:3)
  3 hounds
  An orc priest (D:3)
  An iguana (D:4)
  Ijyb (D:4)
  4 adders
  An ufetubus (D:4)
  A worm (D:4)
  4 dart slugs
  8 orcs (D:3)
  9 ball pythons
  8 endoplasms
  5 giant cockroaches
  4 goblins
  6 hobgoblins
  4 jackals (D:3)
  5 kobolds
  3 quokkas
  4 bats
  2 frilled lizards
  6 rats
  A lurking horror (D:3)
82 creatures vanquished.

Notes
Turn   | Place    | Note
-------+----------+-------------------------------------------
     0 | D:1      | wormed the Kobold Brigand began the quest for the Orb.
     0 | D:1      | Reached XP level 1. HP: 12/12 MP: 1/1
    97 | D:1      | Reached XP level 2. HP: 18/18 MP: 2/2
   346 | D:1      | You fall into a shaft and drop 1 floor!
   611 | D:1      | Reached XP level 3. HP: 22/22 MP: 3/3
  2136 | D:3      | Reached XP level 4. HP: 27/27 MP: 4/4
  2237 | D:3      | Found a radiant altar of Vehumet.
  2239 | D:3      | Found a basalt altar of Yredelemnul.
  2252 | D:3      | Reached XP level 5. HP: 19/32 MP: 5/5
  2311 | D:3      | Noticed a black bear
  2319 | D:3      | Killed a black bear
  2320 | D:3      | Reached skill level 5 in Short Blades
  2320 | D:3      | Reached XP level 6. HP: 24/37 MP: 6/6
  2412 | D:3      | Found a corrupted altar of Lugonu.
  2412 | D:3      | Found a one-way gate to the infinite horrors of the Abyss.
  2709 | D:3      | Found a stormy altar of Qazlal.
  2873 | D:4      | Noticed Ijyb
  2886 | D:4      | Killed Ijyb
  3289 | D:4      | Reached XP level 7. HP: 41/42 MP: 7/7
  3449 | D:4      | Found a glowing drain.
  3485 | Sewer    | Entered a sewer
  3520 | Sewer    | Slain by a hell rat

Illustrated notes

Levels and vault maps discovered:
D:1:      minmay_arrival_cross, layout_basic, dreamdust_princess_bridge,
          hangedman_decor_growths
D:2:      layout_loops_corners
D:3:      layout_rooms, chequers_temple_overflow_statue_of_worship,
          lemuel_doored_altar, amcnicky_altar_lugonu_corruption
D:4:      layout_cave_pools, cheibrodos_sewer_entry_bend,
          nicolae_concentric_dashed_squares_mild, uniq_ijyb
Sewer:    sewer_hellmonk_bad_rat

Skill      XL: |  1  2  3  4  5  6  7 |
---------------+----------------------+-----
Short Blades   | 3 4 5 6 |  6.2
Dodging        | 2 3 |  3.6
Fighting       | 3 4 |  4.0
Stealth        | 6 |  6.8
Throwing       | |  2.1

Action                   |  1- 3 |  4- 6 |  7- 9 || total
-------------------------+-------+-------+-------++-------
Melee: Dagger            |    54 |   129 |    40 ||   223
       Unarmed           |       |    17 |       ||    17
       Punch             |       |     2 |     1 ||     3
Throw: Dart              |     3 |     8 |     1 ||    12
  Use: Scroll            |     9 |     1 |       ||    10
       Potion            |       |     1 |       ||     1
 Stab: Sleeping          |    17 |    15 |     3 ||    35
       Distracted        |     1 |     2 |       ||     3
Armor: Robe              |     8 |    25 |     5 ||    38
       Skin              |       |     3 |       ||     3
Dodge: Dodged            |    16 |    95 |    21 ||   132

Table legend: (Time is in decaauts)
 A = Elapsed time spent in this place.
 B = Non-inter-level travel time spent in this place.
 C = Inter-level travel time spent in this place.
 D = Time resting spent in this place.
 E = Time spent auto-exploring this place.
 F = Levels seen in this place.
 G = Mean time per level.
                   A        B        C        D        E       F      G
               +--------+--------+--------+--------+--------+-----+--------+
         Total |   3469 |   3363 |    106 |      3 |   2787 |   5 |  693.8 |
       Dungeon |   3434 |   3328 |    106 |      3 |   2777 |   4 |  858.5 |
         Sewer |     34 |     34 |      0 |      0 |      9 |   1 |   34.0 |
               +--------+--------+--------+--------+--------+-----+--------+

Top non-repeatable levels by time:
     D:1: 1082 daAuts
     D:2: 1013 daAuts
     D:3: 776 daAuts
     D:4: 563 daAuts
   Sewer: 34 daAuts
